kba, lawful female human Archeologist -------------- ----------- --------------- |............| |.........| |.....>.......| #-............| |.....)...| |.............-# |.............# |.........| ---------|-----` #.............|# |......d..| # # # ###-----.--------# -.-.---d---## `################################################# ### @d### # # ### ### ### # --.-- # # # # # # ##+...| ### # # ### # ### |...| # # # # # # # |...| -.-.- ###### # #### # |...| |...| -----# ## ## # |...| |..[+####-....# --.-------------# # ----- |...| ###|...|# |..............-### --.------- |...| # |...| |..............|# # |....{...| |....## ----- |...............# ##..<......| ----- ---------------- ---------- kba the Field Worker Experience level: 3 Strength: 16 Dexterity: 8 Constitution: 13 Intelligence: 12 Wisdom: 15 Charisma: 11 Health: 0(20) Energy: 10(10) Def: 2 Gold: 311 Moves: 2348 Dungeon seed: f0We1Fgle7VNRtSc Game ID: kba_1441205883 Your Inventory: Coins $ - 311 gold pieces Weapons a - a +2 bullwhip (weapon in hand) k - a +0 dart w - a rusty +0 mace x - 4 +0 shuriken B - a +1 orcish dagger J - a +0 long sword Armor e - an uncursed +0 leather jacket (being worn) n - an uncursed +0 fedora (being worn) y - an uncursed +0 pair of low boots (being worn) Comestibles G - an uncursed egg Scrolls h - a blessed scroll of blank paper D - a cursed scroll of teleportation Potions v - an uncursed potion of levitation E - a blessed potion of booze F - a blessed potion of see invisible I - a cursed potion of healing Tools c - a +0 pick-axe d - a tinning kit (0:36) f - an uncursed sack g - an uncursed oil lamp (0:1174) l - an uncursed bell p - an uncursed oil lamp (0:1360) t - an uncursed stethoscope H - an uncursed skeleton key Gems q - an uncursed touchstone z - an uncursed worthless piece of yellow glass Contents of the sack: 4 uncursed food rations an uncursed tin of werejackal meat Spells and supernatural/magical abilities: Name Level Category Fail Memory W - pray for help -- divine ? -- Your skills at the end: Fighting Skills Weapon Skills pick-axe [Basic] whip [Basic] Spellcasting Skills Final Attributes: You were piously aligned. You were telepathic. You were stealthy. You were a werejackal. You were fast. You are dead. Vanquished creatures: 3 floating eyes 2 giant bats an iguana a hobbit a yellow mold a green mold a gnome zombie 2 geckos 12 jackals a kobold 2 goblins 4 grid bugs 2 bats 2 lichens 7 newts 42 creatures vanquished. Voluntary challenges: You used a wielded weapon 16 times, starting on turn 41. You read items or engraved 1 time, starting on turn 878. You never genocided any monsters. You never polymorphed an object. You never changed form. You used no wishes. You never split a pudding. You never wrote Elbereth's name. You never violated your personal moral code. Dungeon overview: The Dungeons of Doom: levels 1 to 6 Level 1 a long staircase Level 2 stairs to The Gnomish Mines Level 3 (shop) a general store, some fountains Level 4 an altar to Quetzalcoatl, some fountains Level 5 <- You were here a fountain Level 6 The Gnomish Mines: Level 3 stairs to The Dungeons of Doom History has recorded: On T:1 you entered the Dungeons of Doom to retrieve the Amulet of Yendor! On T:467 you reached level 2 of The Dungeons of Doom. On T:661 you reached level 1 of The Gnomish Mines. On T:824 you reached level 3 of The Dungeons of Doom. On T:1356 you reached level 4 of The Dungeons of Doom. On T:1396 you reached level 5 of The Dungeons of Doom. On T:1532 you advanced to experience level 2. On T:1973 you advanced to experience level 3. On T:2159 you reached level 6 of The Dungeons of Doom. Score breakdown: Gold: 311 ( 8484 points) Experience: 3 levels ( 7878 points) Exploration: 6 levels ( 12.77%) ( 9890 points) Discoveries: 4 items ( 1.35%) ( 3481 points) Valuables value: (no points given unless you survive) Artifact value: 0 ( 0 points) Variety of kills: 15 monsters ( 3.94%) ( 5952 points) Turncount: 2348 turns ( -237 points) Survival: died (score multiplied by 80%) Total score: 28358 Latest messages: Your feet are frozen to the ground! The werejackal bites! You feel feverish. You die... Final status: Goodbye kba the Archeologist, killed by a werejackal, while frozen by a potion... You died in The Dungeons of Doom on dungeon level 5 with 28358 points, and 311 pieces of gold, after 2348 moves. You were level 3 with a maximum of 20 hit points when you died.